 Dungeon Crawl Stone Soup version 0.28-a0-1087-gf3fc490d9d (webtiles) character file.

Game seed: 6845427832807962735

35 ducksouse the Shield-Bearer (level 3, -4/33 HPs)
             Began as a Minotaur Fighter on Dec 11, 2021.
             Slain by a gnoll (13 damage)
             ... on level 2 of the Dungeon.
             The game lasted 00:03:04 (1009 turns).

ducksouse the Shield-Bearer (Minotaur Fighter)      Turns: 1009, Time: 00:03:04

Health: -4/33      AC:  7    Str: 22    XL:     3   Next: 17%
Magic:  2/2        EV: 10    Int:  5    God:
Gold:   21         SH:  4    Dex:  9    Spells: 2/2 levels left

rFire   . . .      SeeInvis .   a - +0 trident
rCold   . . .      Faith    .   c - +0 buckler
rNeg    . . .      Spirit   .   b - +0 scale mail
rPois   .          Reflect  .   (helmet restricted)
rElec   .          Harm     .   (no cloak)
rCorr   .          Rampage  .   (no gloves)
Will    .....                   (no boots)
Stlth   ..........              (no amulet)
HPRegen 0.11/turn               (no ring)
MPRegen 0.08/turn               (no ring)

@: no status effects
A: horns 2, retaliatory headbutt
a: no special abilities


You were on level 2 of the Dungeon.
You visited 1 branch of the dungeon, and saw 2 of its levels.

You collected 21 gold pieces.

Inventory:

Hand Weapons
 a - a +0 trident (weapon)
Armour
 b - a +0 scale mail (worn)
 c - a +0 buckler (worn)
Jewellery
 i - an amulet of reflection
Scrolls
 g - a scroll of magic mapping {unknown}
 j - a scroll of holy word {unknown}
 k - a scroll of vulnerability {unknown}
Potions
 d - a potion of might
 e - a potion of haste {unknown}
 f - 2 potions of heal wounds {unknown}
 h - 2 potions of curing {unknown}


   Skills:
 + Level 4.0 Fighting
 + Level 2.9 Polearms
 + Level 4.0 Armour
 + Level 0.4 Dodging
 + Level 4.2 Shields


You had 2 spell levels left.
You didn't know any spells.
Your spell library was empty.

Dungeon Overview and Level Annotations

Branches:
Dungeon (2/15)

Altars:


Innate Abilities, Weirdness & Mutations

You have a pair of horns on your head.
You reflexively headbutt those who attack you in melee.


Message History

You kill the giant cockroach!
Things that are here:
a +0 club; a goblin corpse
Things that are here:
a +0 club; a goblin corpse
There is a faded altar of an unknown god here.
You cannot tell which god this altar belongs to.
Convert to them anyway?
Okay, then.
There is a faded altar of an unknown god here.
Things that are here:
a +0 club; a goblin corpse
There is an open door here.
There is an open door here.
A gnoll comes into view. It is wielding a +0 spear.
The gnoll shouts!
You hear a shout!
A gnoll comes into view. It is wielding a +0 halberd.
You block the gnoll's attack.
A gnoll comes into view. It is wielding a +0 halberd.
The gnoll shouts!
You block the gnoll's attack.
The gnoll hits you from afar with a +0 halberd.
You block the gnoll's attack. The gnoll barely misses you.
The gnoll throws a throwing net.
The throwing net barely misses you.
The gnoll throws a throwing net.
The throwing net closely misses you.
You see here a throwing net.
The gnoll barely misses you.
You barely miss the gnoll. Your headbutt misses the gnoll.
The gnoll hits you from afar with a +0 halberd!
You block the gnoll's attack. The gnoll barely misses you.
You hit the gnoll but do no damage.
The gnoll hits you from afar with a +0 halberd.
The gnoll hits you with a +0 halberd. The gnoll closely misses you.
You hit the gnoll. Your headbutt misses the gnoll.
The gnoll is moderately wounded.
The gnoll closely misses you. The gnoll hits you with a +0 halberd.
* * * LOW HITPOINT WARNING * * *
The gnoll hits you but does no damage. x2
The gnoll hits you with a +0 halberd!
You die...

##...# #.#.# ###
##..# #.#.# ##.#
#.#.# #.####...
#....#..#
#####....#..#
#........#(.#
#.###...g#..##
#......@..g..#
#...##♣'♣##g...#
#.♣♣#.....#♣♣...#
#
♣÷#..8..#÷♣.....#
♣♣#.....#♣♣.###..#
♣P###'###P♣.# #.#


♣PPPP)PPPP♣.# ... ♣♣♣.P.P♣♣♣♣.# .. ♣P...P♣ You could see 3 gnolls.

Vanquished Creatures
  A worm (D:2)
  5 bats
  3 endoplasms (D:1)
  2 giant cockroaches
  4 goblins
  A hobgoblin (D:2)
  6 jackals (D:1)
  A quokka (D:2)
  3 ball pythons
  3 rats (D:1)
29 creatures vanquished.

Notes
Turn   | Place    | Note
-------+----------+-------------------------------------------
     0 | D:1      | ducksouse the Minotaur Fighter began the quest for the Orb.
     0 | D:1      | Reached XP level 1. HP: 19/19 MP: 0/0
    95 | D:1      | Reached XP level 2. HP: 24/27 MP: 1/1
   805 | D:2      | Reached XP level 3. HP: 22/33 MP: 2/2
   956 | D:2      | Found a faded altar of an unknown god.
  1009 | D:2      | Slain by a gnoll

Illustrated notes

Levels and vault maps discovered:
D:1:      minmay_arrival_glassed_features, layout_loops_ring
D:2:      layout_rooms, dilly_ecumenical_altar_fadedgnrine,
          amcnicky_mini_corridor_feature, uniq_crazy_yiuf_cottage

Skill      XL: |  1  2 |
---------------+-------+-----
Shields        | 4 |  4.2
Armour         | 4 |  4.0
Fighting       | 4 |  4.0
Polearms       | |  2.9
Dodging        | |  0.4

Action                   || total
-------------------------++-------
Melee: Trident           ||    67
       Headbutt          ||     5
Armor: Scale mail        ||    45
Dodge: Dodged            ||    56
Block: Buckler           ||    22

Table legend: (Time is in decaauts)
 A = Elapsed time spent in this place.
 B = Non-inter-level travel time spent in this place.
 C = Inter-level travel time spent in this place.
 D = Time resting spent in this place.
 E = Time spent auto-exploring this place.
 F = Levels seen in this place.
 G = Mean time per level.
                   A        B        C        D        E       F      G
               +--------+--------+--------+--------+--------+-----+--------+
         Total |   1020 |   1020 |      0 |     71 |    376 |   2 |  510.0 |
       Dungeon |   1020 |   1020 |      0 |     71 |    376 |   2 |  510.0 |
               +--------+--------+--------+--------+--------+-----+--------+

Top non-repeatable levels by time:
     D:1: 780 daAuts
     D:2: 240 daAuts
